 Dungeon Crawl Stone Soup version 0.16-a0-3425-gb4a0a08 (webtiles) character file.

63441 Gorice the Spry (level 14, -4/90 HPs)
             Began as a Deep Elf Conjurer on Dec 30, 2014.
             Was a High Priest of Sif Muna.
             Slain by a death yak (20 damage)
             ... on level 8 of the Lair of Beasts on Dec 31, 2014.
             The game lasted 05:06:28 (25872 turns).

Gorice the Spry (Deep Elf Conjurer)                Turns: 25872, Time: 05:06:28

Health: -4/90      AC: 13    Str:  9    XL:     14   Next: 68%
Magic:  2/45       EV: 18    Int: 26    God:    Sif Muna [*****.]
Gold:   1466       SH:  0    Dex: 15    Spells: 11 memorised, 3 levels left

rFire  + + +     SeeInvis .     a - +2 rapier (elec)
rCold  + . .     Clarity  .     i - +3 ring mail {rC+}
rNeg   . . .     SustAb   .     (no shield)
rPois  .         Gourm    .     m - +0 helmet
rElec  .         Spirit   .     (no cloak)
rCorr  .         Warding  .     Q - +1 pair of gloves "Xyzaoz" {rF++ Str+4}
rMut   .         Stasis   .     E - +1 pair of boots
MR     +....                    (no amulet)
Stlth  ++........               t - +4 ring of slaying
                                s - ring of magical power

@: somewhat resistant to hostile enchantments, unstealthy
A: fire resistance 1
a: Channel Energy, Forget Spell, Renounce Religion


You were on level 8 of the Lair of Beasts.
You worshipped Sif Muna.
Sif Muna was extremely pleased with you.
You were very hungry.

You visited 3 branches of the dungeon, and saw 18 of its levels.
You also visited: Ice Cave and Volcano.

You collected 1873 gold pieces.
You spent 407 gold pieces at shops.

Inventory:

Hand weapons
 a - a +2 rapier of electrocution (weapon)
   (You found it on level 7 of the Dungeon)
 b - a +0 blowgun
 j - a +2 scimitar of flaming
   (You found it in a volcano)
Missiles
 c - 7 javelins
 r - 23 poisoned needles
 u - 3 curare-tipped needles
 H - 8 poisoned javelins (quivered)
 Y - 5 throwing nets
Armour
 i - a +3 ring mail of cold resistance (worn)
   (You took it off Harold on level 3 of the Lair of Beasts)
 m - a +0 helmet (worn)
 E - a +1 pair of boots (worn)
 G - a +3 leather armour of fire resistance
   (You found it in a volcano)
 O - a +0 fire dragon armour
 Q - the +1 pair of gloves "Xyzaoz" (worn) {rF++ Str+4}
   (You acquired it on level 1 of the Lair of Beasts)

   It affects your strength (+4).
   It greatly protects you from fire.
Magical staves
 X - an uncursed staff of wizardry
Jewellery
 h - an uncursed ring of ice
 k - an uncursed ring of protection from magic
 n - an uncursed ring of positive energy
 s - a ring of magical power (left hand)
 t - a +4 ring of slaying (right hand)
 v - an uncursed ring of stealth
 z - an uncursed ring of positive energy
 R - an uncursed ring of stealth
 U - an uncursed ring of poison resistance
Magical devices
 e - a wand of lightning (8)
 g - a wand of draining (5)
 o - a wand of polymorph (21)
 p - a wand of digging (10)
 P - a wand of enslavement (9)
Scrolls
 d - 3 scrolls of blinking
 f - 5 scrolls of remove curse
 w - 12 scrolls of identify
 y - 2 scrolls of teleportation
 C - a scroll of fog
Potions
 x - 4 potions of ambrosia
 A - 10 potions of curing
 B - 2 potions of invisibility
 D - a potion of magic
 F - 2 potions of brilliance
 J - a potion of resistance
 L - 2 potions of agility
 M - a potion of cancellation
 N - a potion of haste
 T - a potion of heal wounds
Books
 l - Sif Muna's Volume of Aid
   (Sif Muna gifted it to you on level 8 of the Lair of Beasts)

   Spells                             Type                      Level
   a - Infusion                       Charms                       1
   b - Repel Missiles                 Charms/Air                   2
   c - Ozocubu's Armour               Charms/Ice                   3
   d - Excruciating Wounds            Charms/Necromancy            5
   e - Haste                          Charms                       6
Miscellaneous
 S - a sack of spiders
 W - a lamp of fire
Comestibles
 q - 10 bread rations
 I - 2 meat rations
 K - 24 fruits
 V - a chunk of flesh


   Skills:
 + Level 11.5 Fighting
 - Level 15.0 Dodging
 - Level 2.4 Stealth
 + Level 11.0 Spellcasting
 + Level 13.3 Conjurations
 - Level 10.1 Hexes
 + Level 11.2 Charms
 - Level 3.0 Summonings
   Level 2.1 Earth Magic


You had 3 spell levels left.
You knew the following spells:

 Your Spells              Type           Power        Failure   Level  Hunger
a - Magic Dart            Conj           ####         1%          1    None
b - Searing Ray           Conj           ######       1%          2    None
c - Dazzling Spray        Conj/Hex       ######..     1%          3    None
d - Iskenderun's Mystic   Conj           ######..     1%          4    None
e - Fulminant Prism       Conj/Hex       ######....   1%          4    None
f - Iskenderun's Battles  Conj/Chrm      ######..     1%          5    ###....
B - Summon Butterflies    Summ           ####....     2%          1    None
G - Shroud of Golubria    Chrm/Tloc      #####.....   1%          2    None
H - Haste                 Chrm           ######..     17%         6    #####..
J - Blink                 Tloc           N/A          14%         2    None
M - Repel Missiles        Chrm/Air       #####.       1%          2    None


Dungeon Overview and Level Annotations

Branches:
Dungeon (9/15)             Temple (1/1) D:7            Lair (8/8) D:9
 Shoals (0/5) Lair:5        Snake (0/5) Lair:3        Slime (0/6) Lair:7
    Orc (0/4) D:9

Altars:
Ashenzari
Cheibriados
Dithmenos
Elyvilon
Fedhas
Gozag
Kikubaaqudgha
Makhleb
Nemelex Xobeh
Okawaru
Qazlal
Ru
Sif Muna
Trog
Vehumet
Xom
Yredelemnul
Zin
The Shining One
Jiyva

Shops:
D:5 !

Annotations:
D:6 pUX: vault w uns horror
D:7 exclusion: 2 upstairs
D:9 vpUX: vault w yak capt, exclusion: 2 doors
Lair:3 pUX: oklob w lamp fire, exclusion: oklob plant


Innate Abilities, Weirdness & Mutations

Your flesh is heat resistant.


Message History

You are feeling very hungry.
The death yak gores you!
Your shroud falls apart!
Use which ability? (? or * to list)
You channel some magical energy.
You feel somewhat more hungry.
The death yak gores you but does no damage.
Casting: Dazzling Spray
Confirm with . or Enter, or press ? or * to list all spells.
Aiming: Dazzling Spray
Press: ? - help, Shift-Dir - straight line, f/p - yak
Aim: a yak (moderately wounded)
The spray of energy hits the death yak.
The death yak is moderately wounded.
The death yak gores you but does no damage.
You puncture the death yak!
There is a sudden explosion of sparks!
The death yak is severely wounded.
The death yak gores you!!
* * * LOW HITPOINT WARNING * * *
The death yak gores you!!
You die...

#.PP.....PP##§...
#.P.?......#...Y.
##........Y.#....
#....Y.Y...#....
#....##...##....
#.Y.#.##.§§#....
#..Y..##§.≈##...
####Y..##≈≈§≈≈##..
#@YYY..#≈≈≈.≈≈≈#..
###Y...##§≈.≈§##..
####..P###≈.§##...
#..#....###.##....
##.P...####.##....
#P....###.##.....
#....###.###.....
#....##[..##.)...
###..###.##......


You could see a death yak and 4 yaks.

Vanquished Creatures
  Harold (Lair:3)
  8 hydras
  2 centaur warriors
  8 death yaks
  A catoblepas (Lair:7)
  An ice devil (IceCv)
  2 ice statues (IceCv)
  A faun (Lair:6)
  A necromancer (IceCv)
  5 oklob plants (Lair:4)
  3 griffons
  The ghost of yuleCrawler the Carver, an experienced FoFi (D:5)
  An ugly thing (D:8)
  10 black mambas
  A molten gargoyle (Volcano)
  A sixfirhy (D:8)
  4 elephants (Lair:6)
  15 spiny frogs
  Psyche (Lair:2)
  A gargoyle (Volcano)
  A kobold demonologist (D:8)
  5 komodo dragons
  A queen bee (Lair:3)
  2 fire vortices (Volcano)
  2 fire drakes
  5 blue devils (IceCv)
  A giant leech (Lair:8)
  A snapping turtle (Lair:5)
  43 blink frogs
  A slime creature (D:9)
  A two-headed ogre (D:8)
  2 basilisks
  32 yaks
  A wyvern (Lair:8)
  Eustachio (D:6)
  6 vampire mosquitoes
  The ghost of yuleCrawler the Slasher, an average FoFi (D:3)
  13 wolves
  10 hippogriffs
  6 humans (Lair:2)
  Edmund (Lair:2)
  2 hungry ghosts
  A mottled dragon (D:9)
  12 porcupines
  2 orc warriors
  18 water moccasins
  2 sky beasts
  An ogre (D:6)
  3 eyes of draining
  5 crocodiles
  3 ice beasts
  2 fulminant prisms (Lair:4)
  2 phantoms
  Sigmund (D:2)
  A big kobold (D:8)
  2 boring beetles (Lair:7)
  25 giant frogs
  3 centaurs
  A wyvern zombie (D:6)
  20 killer bees
  A scorpion (D:5)
  4 electric eels
  2 centaur zombies
  5 goliath beetles
  4 crimson imps
  A giant frog zombie (D:9)
  A giant frog skeleton (D:9)
  15 hounds
  4 orc priests
  4 jellies
  14 orc wizards
  A centaur skeleton (D:8)
  10 iguanas
  13 worker ants
  4 troll simulacra (IceCv)
  12 sheep
  A spriggan simulacrum (IceCv)
  Jessica (D:2)
  A centaur simulacrum (IceCv)
  A hound zombie (D:9)
  A hound skeleton (D:8)
  A worker ant zombie (D:8)
  7 gnolls
  72 river rats
  31 adders
  3 naga simulacra (IceCv)
  An ogre simulacrum (IceCv)
  3 shadow imps
  A white imp (D:6)
  2 ufetubi
  2 worms
  2 orc zombies (D:8)
  3 adder skeletons
  7 giant geckos
  53 orcs
  6 ball pythons
  26 bats
  2 bat zombies (D:7)
  7 giant cockroaches
  19 hobgoblins
  A giant gecko skeleton (D:8)
  A giant newt (D:6)
  A giant spore (D:9)
  12 goblins
  15 jackals
  20 kobolds
  18 quokkas
  2 quokka skeletons
  18 rats
  2 fungi
  11 plants (Lair:4)
759 creatures vanquished.

Vanquished Creatures (collateral kills)
  A hound (Lair:1)
1 creature vanquished.

Vanquished Creatures (others)
  A human (Lair:2)
  43 fulminant prisms
  A ballistomycete (D:9)
  17 fungi
  9 plants
71 creatures vanquished.

Grand Total: 831 creatures vanquished

Notes
Turn   | Place    | Note
--------------------------------------------------------------
     0 | D:1      | Gorice, the Deep Elf Conjurer, began the quest for the Orb.
     0 | D:1      | Reached XP level 1. HP: 10/10 MP: 5/5
   421 | D:1      | Reached XP level 2. HP: 15/15 MP: 4/8
   460 | D:1      | Learned a level 2 spell: Searing Ray
   993 | D:1      | Reached skill level 1 in Fighting
   993 | D:1      | Reached XP level 3. HP: 18/20 MP: 6/11
  1049 | D:1      | Reached skill level 5 in Conjurations
  1196 | D:2      | Noticed Jessica
  1201 | D:2      | Killed Jessica
  1363 | D:2      | Reached XP level 4. HP: 25/25 MP: 8/14
  1413 | D:2      | Noticed Sigmund
  1465 | D:2      | Killed Sigmund
  1465 | D:2      | Reached skill level 4 in Spellcasting
  1465 | D:2      | Reached XP level 5. HP: 30/30 MP: 9/18
  1574 | D:1      | Gained mutation: Your flesh is heat resistant. [potion of beneficial mutation]
  1681 | D:2      | Learned a level 3 spell: Dazzling Spray
  1686 | D:2      | Learned a level 4 spell: Iskenderun's Mystic Blast
  1868 | D:2      | Reached skill level 6 in Conjurations
  2255 | D:3      | Noticed yuleCrawler's ghost (average FoFi)
  2580 | D:4      | Noticed a phantom
  2586 | D:4      | Killed a phantom
  2586 | D:4      | Reached skill level 2 in Fighting
  2586 | D:4      | Reached skill level 5 in Spellcasting
  2586 | D:4      | Reached XP level 6. HP: 33/35 MP: 9/21
  2655 | D:4      | Found a stormy altar of Qazlal.
  3213 | D:4      | Found a bloodstained altar of Trog.
  3213 | D:4      | Noticed an eye of draining
  3265 | D:4      | Killed an eye of draining
  3265 | D:4      | Reached skill level 7 in Conjurations
  3272 | D:4      | Reached XP level 7. HP: 40/40 MP: 12/23
  3283 | D:4      | Noticed an eye of draining
  3421 | D:4      | Killed an eye of draining
  3421 | D:4      | Reached skill level 6 in Spellcasting
  3518 | D:4      | Found a sparkling altar of Nemelex Xobeh.
  3545 | D:4      | Reached skill level 3 in Fighting
  3733 | D:4      | Found a burning altar of Makhleb.
  3784 | D:5      | Entered Level 5 of the Dungeon
  4204 | D:5      | Found Psyocian's Distillery.
  4218 | D:5      | Bought a potion of poison for 11 gold pieces
  4218 | D:5      | Bought a potion of heal wounds for 55 gold pieces
  4441 | D:5      | Reached skill level 8 in Conjurations
  4452 | D:5      | Noticed yuleCrawler's ghost (experienced FoFi)
  4634 | D:5      | You fall through a shaft!
  4649 | D:6      | Upgraded the game from 0.16-a0-3394-g83d1dde to 0.16-a0-3425-gb4a0a08
  4729 | D:6      | Reached XP level 8. HP: 32/47 MP: 22/25
  4757 | D:6      | Reached skill level 7 in Spellcasting
  4885 | D:5      | Found a white marble altar of Elyvilon.
  5399 | D:6      | Noticed Eustachio
  5491 | D:6      | You fall through a shaft for 2 floors!
  5790 | D:7      | Reached skill level 9 in Conjurations
  5863 | D:7      | Reached skill level 4 in Fighting
  5999 | D:7      | Found a staircase to the Ecumenical Temple.
  6090 | Temple   | Entered the Ecumenical Temple
  6154 | Temple   | Became a worshipper of Sif Muna the Loreminder
  6284 | D:7      | Reached skill level 8 in Spellcasting
  6284 | D:7      | Reached skill level 1 in Hexes
  6416 | D:7      | Reached skill level 2 in Hexes
  6988 | D:8      | Reached XP level 9. HP: 48/52 MP: 28/29
  6995 | D:8      | Learned a level 4 spell: Fulminant Prism
  7051 | D:8      | Noticed a kobold demonologist
  7222 | D:8      | Reached skill level 10 in Conjurations
  7222 | D:8      | Reached skill level 3 in Hexes
  7238 | D:8      | Acquired Sif Muna's first power
  7238 | D:8      | Reached skill level 5 in Fighting
  7257 | D:8      | Noticed a sixfirhy
  7264 | D:8      | Killed a sixfirhy
  7268 | D:8      | Killed a kobold demonologist
  7268 | D:8      | Reached skill level 9 in Spellcasting
  7268 | D:8      | Reached skill level 4 in Hexes
  7536 | D:8      | Noticed a centaur warrior
  7625 | D:8      | Noticed a two-headed ogre
  8518 | D:3      | Killed yuleCrawler's ghost
  8518 | D:3      | Reached skill level 3 in Dodging
  8518 | D:3      | Reached skill level 5 in Hexes
  9417 | D:6      | Killed Eustachio
  9731 | D:6      | Reached skill level 4 in Dodging
 10599 | D:8      | Reached XP level 10. HP: 56/60 MP: 31/31
 10607 | D:8      | Killed a centaur warrior
 10607 | D:8      | Reached skill level 6 in Fighting
 10607 | D:8      | Reached skill level 5 in Dodging
 10792 | D:8      | Killed a two-headed ogre
 10792 | D:8      | Reached skill level 6 in Dodging
 10792 | D:8      | Reached skill level 11 in Conjurations
 10800 | D:8      | Noticed a purple ugly thing
 10813 | D:8      | Killed a purple ugly thing
 11004 | D:5      | Killed yuleCrawler's ghost
 11004 | D:5      | Acquired Sif Muna's second power
 11004 | D:5      | Reached skill level 7 in Dodging
 11011 | D:5      | Learned a level 5 spell: Iskenderun's Battlesphere
 11018 | D:5      | Bought a potion of curing for 33 gold pieces
 11018 | D:5      | Bought a potion of curing for 33 gold pieces
 11018 | D:5      | Bought a potion of agility for 44 gold pieces
 11018 | D:5      | Bought a potion of curing for 33 gold pieces
 11018 | D:5      | Bought a potion of cancellation for 88 gold pieces
 11018 | D:5      | Bought a potion of haste for 110 gold pieces
 11320 | D:8      | Reached skill level 1 in Charms
 11655 | D:9      | Found a shimmering altar of Xom.
 11660 | D:9      | Found a sacrificial altar of Ru.
 11820 | D:9      | Reached skill level 8 in Dodging
 11836 | D:9      | Reached skill level 2 in Charms
 11907 | D:9      | Found a staircase to the Lair.
 12411 | D:9      | Reached skill level 3 in Charms
 12413 | D:9      | Noticed a centaur warrior
 12447 | D:9      | Killed a centaur warrior
 12447 | D:9      | Reached skill level 9 in Dodging
 12556 | D:9      | Noticed a yaktaur captain
 12713 | D:9      | Reached skill level 4 in Charms
 12736 | D:9      | Reached XP level 11. HP: 51/66 MP: 32/32
 12792 | D:9      | Reached skill level 7 in Fighting
 13075 | D:9      | Found a staircase to the Orcish Mines.
 13107 | Lair:1   | Entered Level 1 of the Lair of Beasts
 13542 | Lair:1   | Reached skill level 5 in Charms
 13711 | Lair:1   | Noticed a seven-headed hydra
 13715 | Lair:1   | Killed a seven-headed hydra
 13715 | Lair:1   | Reached skill level 10 in Dodging
 13811 | Lair:1   | Reached skill level 6 in Charms
 14807 | Lair:2   | Reached skill level 11 in Dodging
 15312 | Lair:2   | Noticed Edmund
 15326 | Lair:2   | Killed Edmund
 15701 | Lair:2   | Noticed Psyche
 15706 | Lair:2   | Killed Psyche
 15706 | Lair:2   | Reached skill level 8 in Fighting
 15706 | Lair:2   | Reached skill level 6 in Hexes
 16105 | Lair:3   | Found a bloodstained altar of Trog.
 16157 | Lair:3   | Found a staircase to the Snake Pit.
 16170 | Lair:3   | Reached skill level 7 in Hexes
 16265 | Lair:3   | Reached XP level 12. HP: 75/75 MP: 32/32
 16394 | Lair:3   | Reached skill level 12 in Dodging
 16571 | Lair:3   | Reached skill level 8 in Hexes
 16667 | Lair:3   | Noticed Harold
 16675 | Lair:3   | Killed Harold
 16800 | Lair:3   | Reached skill level 9 in Fighting
 17043 | Lair:3   | Reached skill level 9 in Hexes
 17384 | Lair:1   | Identified a scroll of acquirement
 17385 | Lair:1   | Got a pair of bloodstained gloves
 17396 | Lair:1   | Identified the +1 pair of gloves "Xyzaoz" {rF++ Str+4} (You acquired it on level 1 of the Lair of Beasts)
 17629 | Lair:4   | Found a frozen archway.
 17678 | IceCv    | Entered an ice cave
 17833 | IceCv    | Reached skill level 10 in Hexes
 18043 | IceCv    | Reached skill level 13 in Dodging
 18043 | IceCv    | Reached skill level 7 in Charms
 18567 | Lair:4   | Noticed an eight-headed hydra
 18574 | Lair:4   | Killed an eight-headed hydra
 18574 | Lair:4   | Reached skill level 10 in Spellcasting
 18613 | Lair:4   | Noticed a four-headed hydra
 18620 | Lair:4   | Killed a four-headed hydra
 18620 | Lair:4   | Acquired Sif Muna's third power
 18620 | Lair:4   | Reached XP level 13. HP: 82/82 MP: 32/34
 18763 | Lair:4   | Noticed a seven-headed hydra
 18788 | Lair:4   | Reached skill level 8 in Charms
 18881 | Lair:4   | Reached skill level 10 in Fighting
 18957 | Lair:4   | Killed a seven-headed hydra
 19685 | Lair:5   | Reached skill level 9 in Charms
 19968 | Lair:5   | Found a staircase to the Shoals.
 20470 | Lair:1   | Learned a level 4 spell: Leda's Liquefaction
 21129 | Lair:6   | Reached skill level 14 in Dodging
 21151 | Lair:6   | Reached skill level 12 in Conjurations
 21152 | Lair:6   | Reached skill level 10 in Charms
 21371 | Lair:6   | Learned a level 1 spell: Summon Butterflies
 22223 | Lair:7   | Reached skill level 11 in Charms
 22339 | Lair:7   | Found a viscous altar of Jiyva.
 22339 | Lair:7   | Found a staircase to the Slime Pits.
 22511 | Lair:7   | Reached XP level 14. HP: 88/88 MP: 27/35
 22522 | Lair:7   | Reached skill level 1 in Summonings
 23087 | Lair:1   | Learned a level 2 spell: Shroud of Golubria
 23090 | Lair:1   | Learned a level 2 spell: Blink
 23207 | Lair:7   | Reached skill level 2 in Summonings
 23225 | Lair:8   | Entered Level 8 of the Lair of Beasts
 23265 | Lair:8   | Found a dark tunnel.
 23270 | Volcano  | Entered a volcano
 23408 | Volcano  | Reached skill level 11 in Fighting
 23963 | Lair:7   | Reached skill level 3 in Summonings
 24635 | Lair:8   | Reached skill level 15 in Dodging
 24773 | Lair:8   | Reached skill level 1 in Earth Magic
 24871 | Lair:8   | Reached skill level 13 in Conjurations
 25429 | Lair:8   | Received a gift from Sif Muna
 25429 | Lair:8   | Reached skill level 2 in Earth Magic
 25442 | Lair:8   | Identified Sif Muna's Volume of Aid (Sif Muna gifted it to you on level 8 of the Lair of Beasts)
 25652 | Lair:8   | Learned a level 2 spell: Repel Missiles
 25659 | Lair:8   | Learned a level 6 spell: Haste
 25834 | Lair:8   | Reached skill level 11 in Spellcasting
 25872 | Lair:8   | Slain by a death yak

Action                   |  1- 3 |  4- 6 |  7- 9 | 10-12 | 13-15 || total
-------------------------+-------+-------+-------+-------+-------++-------
Melee: Dagger            |     5 |       |    12 |       |       ||    17
       Short sword       |     3 |    20 |    15 |       |       ||    38
       Rapier            |       |       |    60 |   124 |   107 ||   291
 Fire: Blowgun           |       |     1 |    83 |    16 |     2 ||   102
Throw: Javelin           |       |       |       |       |     7 ||     7
 Cast: Magic Dart        |    63 |    94 |   158 |   293 |   405 ||  1013
       Searing Ray       |     1 |    12 |    42 |    54 |    32 ||   141
       Dazzling Spray    |       |     3 |    15 |    26 |    51 ||    95
       Iskenderun's Myst |       |       |    21 |    71 |    43 ||   135
       Fulminant Prism   |       |       |     2 |    18 |    25 ||    45
       Iskenderun's Batt |       |       |       |    47 |    85 ||   132
       Leda's Liquefacti |       |       |       |       |     2 ||     2
       Shroud of Golubri |       |       |       |       |    14 ||    14
       Blink             |       |       |       |       |     3 ||     3
Invok: Channel Energy    |       |       |       |    95 |   233 ||   328
       Forget Spell      |       |       |       |       |     1 ||     1
Evoke: Wand              |       |       |       |       |     3 ||     3
  Use: Scroll            |     1 |     5 |    16 |     8 |     7 ||    37
       Potion            |       |     2 |     3 |       |     1 ||     6
 Stab: Sleeping          |     1 |     1 |    16 |     3 |       ||    21
       Distracted        |       |     1 |       |     1 |       ||     2
       Invisible         |       |       |       |     1 |     2 ||     3
  Eat: Chunk             |     1 |     6 |    22 |    42 |    63 ||   134
       Pizza             |       |       |     1 |     1 |       ||     2
       Bread ration      |       |       |       |     1 |       ||     1
       Beef jerky        |       |       |       |       |     2 ||     2
       Fruit             |       |       |       |       |     1 ||     1

Table legend:
 A = Turns spent in this place as a percentage of turns spent in the entire game.
 B = Non-inter-level travel turns spent in this place as a percentage of non-inter-level travel turns spent in the entire game.
 C = Inter-level travel turns spent in this place as a percentage of turns spent in this place.
 D = Turns resting spent in this place as a percentage of non-inter-level travel turns spent in this place.
 E = Turns spent auto-exploring this place as a percentage of non-inter-level travel turns spent in this place.
 F = Non-inter-level travel turns spent in this place divided by the number of levels of this place that you've seen.
                   A       B       C       D       E      F
               +-------+-------+-------+-------+-------+----------------------
         Total | 100.0 | 100.0 |   0.6 |   2.2 |   3.2 | 575.9
       Dungeon |  48.8 |  48.7 |   0.7 |   2.9 |   3.7 | 623.8
        Temple |   0.9 |   0.9 |   0.0 |   0.0 |   0.0 | 105.0
          Lair |  46.1 |  46.1 |   0.6 |   1.4 |   3.1 | 664.0
      Ice Cave |   2.8 |   2.8 |   0.0 |   6.2 |   0.3 | 324.0
       Volcano |   1.4 |   1.4 |   0.0 |   0.0 |   0.0 | 163.0
               +-------+-------+-------+-------+-------+----------------------

Vault maps used:
D:1:      lemuel_arrival_hallway
D:2:      roderic_cross_of_infinity, minmay_rat_gold_closets, uniq_jessica,
          uniq_sigmund
D:4:      kennysheep_little_box, trog_eyes_of_draining, lemuel_round_altar,
          lemuel_round_altar, first_bread
D:5:      kennysheep_mini, serial_shops, shop
D:6:      minmay_klotski, serial_corexii_hall, corexii_hall_statues_i,
          corexii_hall_statues_t, corexii_hall_statues_deadend,
          corexii_hall_statues_l, corexii_hall_statues_s,
          corexii_hall_statues_l, uniq_eustachio
D:8:      hangedman_cross_cluster, minivault_25
D:9:      hangedman_cross_veins, nicolae_ru_awakened_eye, lemuel_crystal_altar,
          hiddenorc1_lemuel
Temple:   temple_eino_lava_12
Lair:1:   grunt_megastairs_2, serial_bayou_shore_b
Lair:2:   erik_1
Lair:3:   minmay_lair_oklob_chamber, minmay_snake_entry_six_corridors,
          special_room, basic_altar, uniq_harold
Lair:4:   minmay_lair_oklob_tunnel, portal_ice_cave_entry_pillars_02,
          grunt_forest_stairs_basic
Lair:5:   minmay_shoals_entry_hut, grunt_megastairs_1
Lair:6:   grunt_forest_large_clearings, lemuel_fruit_tree
Lair:7:   slime_altar_1, grunt_megastairs_3
Lair:8:   minmay_lair_end_frog_pond, enter_volcano_4
IceCv:    ice_cave_tombish
Volcano:  volcano_overflow
